 Dungeon Crawl Stone Soup version 0.30.1-11-g7821555f0a (webtiles) character file.

Game seed: 14215498788046712022

63 comborobin the Sneak (level 3, -1/31 HPs)
             Began as a Draconian Delver on Nov 18, 2023.
             Slain by a scorpion (5 damage)
             ... on level 4 of the Dungeon.
             The game lasted 00:01:03 (491 turns).

comborobin the Sneak (Draconian Delver)              Turns: 491, Time: 00:01:04

Health: -1/31      AC:  5    Str: 14    XL:     3   Next: 89%
Magic:  3/3        EV: 12    Int: 12    God:
Gold:   45         SH:  0    Dex: 12    Spells: 2/2 levels left

rFire   . . .        b - +1 short sword (elec)
rCold   . . .        (no shield)
rNeg    . . .        (body armour unavailable)
rPois   .            (helmet restricted)
rElec   .            (no cloak)
rCorr   .            (no gloves)
SInv    .            (no boots)
Will    .....        (no amulet)
Stlth   +++          (no ring)
HPRegen 0.25/turn    (no ring)
MPRegen 0.08/turn

%: no passive effects
@: weak-willed
A: AC +5, unfitting armour, cold-blooded
a: no special abilities


You were on level 4 of the Dungeon.
You visited 1 branch of the dungeon, and saw 3 of its levels.

You collected 45 gold pieces.

Inventory:

Hand Weapons
 b - a +1 short sword of electrocution (weapon)
Jewellery
 d - an amulet of faith
Wands
 e - a wand of digging (3)
Scrolls
 a - a scroll of fog


   Skills:
 - Level 3.2 Fighting
 - Level 1.7 Dodging
 - Level 4.5 Stealth
 + Level 4.2 Unarmed Combat


You had 2 spell levels left.
You didn't know any spells.
Your spell library contained the following spells:

 Spells                   Type           Power      Damage    Failure   Level
 Summon Forest            Summ/Tloc      0%         N/A       100%        5
 Eringya's Noxious Bog    Tmut/Pois      0%         N/A       100%        6
 Summon Hydra             Summ           0%         N/A       100%        7


Dungeon Overview and Level Annotations

Branches:
Dungeon (6/15)
 Temple: D:4-7

Altars:
Fedhas
Kikubaaqudgha


Innate Abilities, Weirdness & Mutations

Your plain brown scales are hard. (AC +5)
You cannot fit into any form of body armour.
You are cold-blooded and may be slowed by cold attacks.


Message History

You now have 45 gold pieces (gained 7).
Found a stone staircase leading up.
A phantom comes into view.
A scorpion comes into view.
The phantom attacks as you move away! The phantom hits you.
As you read the scroll labelled NEDDYSEOTZ, it crumbles to dust.
It is a scroll of amnesia.
You feel forgetful for a moment. The phantom hits you.
As you read the scroll labelled VYMPUX WELLUE, it crumbles to dust.
Magic quickly surges around you.
It was a scroll of vulnerability.
The phantom hits you. The phantom attacks as you move away!
The phantom hits you!
You aren't carrying any potions.
The phantom attacks as you move away! The phantom hits you.
Okay, then.
You hear the crackle of electricity.
b - a +1 short sword of electrocution (weapon)
You aren't carrying any potions.
Unknown command.
You closely miss the phantom. Your punch misses the phantom.
The phantom closely misses you.
You hit the phantom.
The phantom is lightly damaged.
The phantom hits you but does no damage.
You hit the phantom.
The phantom is lightly damaged.
The phantom hits you.
The phantom blinks!
You blink.
You hit the phantom. Lightning courses through the phantom!
Your tail-slap misses the phantom.
The phantom is heavily damaged.
The phantom hits you.
* * * LOW HITPOINT WARNING * * *
The phantom blinks!
You blink.
The scorpion attacks as you move away! The scorpion stings you.
* * * LOW HITPOINT WARNING * * *
The scorpion misses you. The phantom attacks as you move away!
The phantom hits you.
* * * LOW HITPOINT WARNING * * *
The scorpion stings you.
You die...

### ..# #.# # #.# #
###### #.# #
.....##### #.# ######
#...@W###.# #.....
#.######....s....#
#.###.
#...............##
#.....
########........#
#####. #.#..<.#.####
#<....
#.#.####....#########
..#......##....#
###############.# #.#


You could see a phantom (weak-willed) and a scorpion (weak-willed).

Vanquished Creatures
  A gnoll bouda (D:5)
  3 adders (D:4)
  A goblin (D:4)
  A hobgoblin (D:4)
  2 kobolds (D:4)
  A quokka (D:4)
9 creatures vanquished.

Notes
Turn   | Place    | Note
-------+----------+-------------------------------------------
     0 | D:5      | comborobin the Draconian Delver began the quest for the
                  | Orb.
     0 | D:5      | Reached XP level 1. HP: 19/19 MP: 1/1
     3 | D:6      | Found an ancient bone altar of Kikubaaqudgha.
     4 | D:6      | Noticed a gnoll bouda
     5 | D:6      | Found a blossoming altar of Fedhas.
    33 | D:5      | Killed a gnoll bouda
    34 | D:5      | Reached XP level 2. HP: 10/26 MP: 2/2
   140 | D:4      | Reached XP level 3. HP: 19/31 MP: 3/3
   461 | D:4      | Noticed a phantom
   466 | D:4      | Noticed a scorpion
   491 | D:4      | Slain by a scorpion

Illustrated notes

Levels and vault maps discovered:
D:4:      layout_basic, led_sif_book, due_unseen_surprise
D:5:      layout_cave_pools, minmay_misc_feat_square, kennysheep_boxes
D:6:      lemuel_ratsnest, layout_rooms, grunt_temple_overflow_growth_and_decay,
          yredelemnul_forgotten_temple_becter, uniq_duvessa, uniq_edmund

Skill      XL: |  1  2  3 |
---------------+----------+-----
Unarmed Combat | 3 4 |  4.2
Fighting       | |  3.2
Dodging        | |  1.7
Stealth        | |  4.5

Action                     || total
---------------------------++-------
  Melee: Unarmed           ||    28
         Punch             ||     1
         Short sword       ||     4
    Use: Scroll            ||     5
         Potion            ||     2
   Stab: Sleeping          ||     3
         Distracted        ||     1
 Armour: Skin              ||    11
  Dodge: Dodged            ||    16
